 Dungeon Crawl Stone Soup version 0.27-a0-972-gd1521fd518 (webtiles) character file.

Game seed: 6546833666421385879

9 Alarkh the Insei (level 2, 21/21 HPs)
             Began as a Demonspawn Transmuter on Apr 13, 2021.
             Got out of the dungeon alive.
             The game lasted 00:00:12 (271 turns).

Alarkh the Insei (Demonspawn Transmuter)             Turns: 271, Time: 00:00:13

Health: 21/21      AC:  2    Str: 10    XL:     2   Next: 3%
Magic:  5/5        EV: 12    Int: 14    God:
Gold:   8          SH:  0    Dex: 13    Spells: 4/5 levels left

rFire    . . .     SeeInvis .     - Unarmed
rCold    . . .     Faith    .   (no shield)
rNeg     . . .     Spirit   .   a - +0 robe
rPois    .         Reflect  .   (no helmet)
rElec    .         Harm     .   (no cloak)
rCorr    .         Rampage  .   (no gloves)
Will     .....                  (no boots)
Stlth    +.........             (no amulet)
HPRegen  0.07/turn              (no ring)
MPRegen  0.09/turn              (no ring)

@: no status effects
A: talons 1
a: no special abilities


You escaped.
You visited 1 branch of the dungeon, and saw 1 of its levels.

You collected 8 gold pieces.

Inventory:

Armour
 a - a +0 robe (worn)
Magical Staves
 c - a staff of death
Jewellery
 b - a ring of wizardry


   Skills:
 + Level 1.2 Fighting
 - Level 1.7 Dodging
 * Level 2.9 Unarmed Combat
 + Level 2.1 Spellcasting
 + Level 1.9 Transmutations


You had 4 spell levels left.
You knew the following spells:

 Your Spells              Type           Power      Damage    Failure   Level
a - Beastly Appendage     Tmut           14%        N/A       11%         1

Your spell library contained the following spells:

 Spells                   Type           Power      Damage    Failure   Level
 Wereblood                Tmut           7%         N/A       16%         2
 Spider Form              Tmut/Pois      2%         N/A       43%         3
 Ice Form                 Ice/Tmut       4%         N/A       83%         4
 Hydra Form               Tmut           3%         N/A       96%         5


Dungeon Overview and Level Annotations

Branches:
Dungeon (1/15)

Altars:


Innate Abilities, Weirdness & Mutations

You have sharp toenails.


Message History

Casting: Beastly Appendage (safe; 11% risk of failure)
Confirm with . or Enter, or press ? or * to list all spells.
You grow a pair of large bovine horns.
Your feet morph into talons.
Unknown command.
Your transformation is almost over.
The endoplasm jiggles.
The endoplasm barely misses you.
You hit the endoplasm. You claw the endoplasm.
The endoplasm is severely wounded.
The endoplasm closely misses you.
You hit the endoplasm.
You kill the endoplasm!
No target in view!
No target in view!
No target in view!
No target in view!
No target in view!
No target in view!
No target in view!
Found 18 sling bullets.
A ball python comes into view.
Your horns disappear.
Your talons disappear.
The ball python hisses angrily.
A ball python is nearby!
Casting: Beastly Appendage (safe; 11% risk of failure)
Confirm with . or Enter, or press ? or * to list all spells.
You grow a pair of large bovine horns.
Your feet morph into talons.
Unknown command.
You hit the ball python.
You kill the ball python!
You have reached level 2!
Your demonic ancestry asserts itself...
Your mutations feel more permanent.
Unknown command.
Your transformation is almost over.
Your horns disappear.
Your talons shrink.
You see here a ball python corpse.
There is a staircase leading out of the dungeon here.
Are you sure you want to leave the Dungeon?
This will make you lose the game!
You have escaped!

#.#.# #.#.#
#.#.#########
#.#.........#
#...####....#
#..##
##...####
#..#
#......###
#..#
#....#...#
##..##
#....#.@.#
.....#
#.##.#...#
###..#
#.##.###...
.....# #.....
###.. ...#.#
....### ...
##.#.# .. .
.. #.#.# .. #
#.#.# #.#..


There were no monsters in sight!

Vanquished Creatures
  2 bats (D:1)
  An endoplasm (D:1)
  A kobold (D:1)
  A quokka (D:1)
  2 ball pythons (D:1)
7 creatures vanquished.

Notes
Turn   | Place    | Note
-------+----------+-------------------------------------------
     0 | D:1      | Alarkh the Demonspawn Transmuter began the quest for the
                  | Orb.
     0 | D:1      | Reached XP level 1. HP: 15/15 MP: 3/3
   181 | D:1      | Mutation became permanent: You have sharp toenails.
                  | [demonic ancestry]
   181 | D:1      | Gained mutation: You have razor-sharp toenails. [demonic
                  | ancestry]
   181 | D:1      | Reached XP level 2. HP: 18/21 MP: 3/5
   271 | D:$      | Got out of the dungeon alive.

Illustrated notes

Levels and vault maps discovered:
D:1:      amcnicky_arrival_double_pillar, layout_loops_ring,
          ebering_ecumenical_altar_webs

Action                   || total
-------------------------++-------
Melee: Unarmed           ||    18
       Kick              ||     1
 Cast: Beastly Appendage ||     6
 Stab: Sleeping          ||     1
Armor: Robe              ||     7
Dodge: Dodged            ||     9

Table legend: (Time is in decaauts)
 A = Elapsed time spent in this place.
 B = Non-inter-level travel time spent in this place.
 C = Inter-level travel time spent in this place.
 D = Time resting spent in this place.
 E = Time spent auto-exploring this place.
 F = Levels seen in this place.
 G = Mean time per level.
                   A        B        C        D        E       F      G
               +--------+--------+--------+--------+--------+-----+--------+
         Total |    270 |    181 |     89 |      0 |    139 |   1 |  270.0 |
       Dungeon |    270 |    181 |     89 |      0 |    139 |   1 |  270.0 |
               +--------+--------+--------+--------+--------+-----+--------+

Top non-repeatable levels by time:
     D:1: 270 daAuts
